 Dungeon Crawl Stone Soup version 0.30-a0-534-gdc55766716 (webtiles) character file.

Game seed: 17825578615021840965

42808 xzight the Spry (level 13, -8/73 HPs)
             Began as a Deep Elf Fire Elementalist on Dec 24, 2022.
             Was a High Priest of Hepliaklqana.
             Mangled by a chaos spawn (17 damage)
             ... summoned by an orc high priest
             ... on level 2 of the Orcish Mines.
             The game lasted 00:54:24 (24815 turns).

xzight the Spry (Deep Elf Fire Elementalist)       Turns: 24815, Time: 00:54:25

Health: -8/73      AC:  1    Str:  5    XL:     13   Next: 87%
Magic:  22/40      EV: 20    Int: 26    God:    Hepliaklqana [*****.]
Gold:   1330       SH:  3    Dex: 15    Spells: 24/36 levels left

rFire   . . .      SeeInvis .    K - +8 whip "Snakebite" {venom, curare, rPois, =f}
rCold   + . .      Faith    .    I - +0 buckler
rNeg    . . .      Spirit   .    u - +2 robe {rC+}
rPois   +          Reflect  .    J - +1 helmet
rElec   .          Harm     .    R - +1 cloak
rCorr   .          Rampage  .    (no gloves)
Will    +....                    m - +0 pair of boots
Stlth   ++                       (no amulet)
HPRegen 0.32/turn                M - ring of magical power
MPRegen 0.27/turn                T - +4 ring of protection

@: corroded
A: reduced essence
a: Renounce Religion, Recall Ancestor, Ancestor Identity, Transference, Idealise


You were on level 2 of the Orcish Mines.
You worshipped Hepliaklqana.
Hepliaklqana was extremely pleased with you.
You visited 4 branches of the dungeon, and saw 18 of its levels.

You collected 1390 gold pieces.
You spent 60 gold pieces at shops.


   Skills:
 - Level 10.0 Fighting
 + Level 15.8 Dodging
 - Level 2.4 Stealth
 - Level 12.0 Spellcasting
 - Level 8.0 Conjurations
 - Level 4.0 Translocations
 - Level 8.0 Fire Magic
 + Level 7.6 Earth Magic
 - Level 8.0 Invocations


You had 24 spell levels left.
You knew the following spells:

 Your Spells              Type           Power      Damage    Failure   Level
a - Foxfire               Conj/Fire      100%       2x1d9     1%          1
b - Scorch                Fire           100%       2d10      1%          2
c - Flame Wave            Conj/Fire      55%        2d13      1%          4
d - Blink                 Tloc           72%        N/A       1%          2
e - Stone Arrow           Conj/Erth      100%       3d13      1%          3

Your spell library contained the following spells:

 Spells                   Type           Power      Damage    Failure   Level
 Sandblast                Erth           100%       2d20      1%          1
 Passwall                 Tmut/Erth      29%        N/A       1%          2
 Hailstorm                Conj/Ice       36%        3d9       3%          3
 Inner Flame              Hex/Fire       36%        N/A       3%          3
 Kindle Blastsparks       Fire/Tloc/Air  72%        2d16      3%          3
 Beastly Appendage        Tmut           30%        N/A       4%          1
 Freeze                   Ice            60%        1d7       4%          1
 Ensorcelled Hibernation  Hex/Ice        30%        N/A       8%          2
 Wereblood                Tmut           15%        N/A       8%          2
 Manifold Assault         Tloc           36%        N/A       10%         4
 Frozen Ramparts          Ice            30%        1d5       16%         3
 Ozocubu's Armour         Ice            15%        N/A       16%         3
 Spider Form              Tmut/Pois      15%        N/A       16%         3
 Swiftness                Air            15%        N/A       16%         3
 Ice Form                 Ice/Tmut       15%        N/A       45%         4
 Summon Ice Beast         Ice/Summ       15%        N/A       45%         4
 Summon Mana Viper        Hex/Summ       15%        N/A       80%         5
 Monstrous Menagerie      Summ           7%         N/A       100%        7
 Ozocubu's Refrigeration  Ice            7%         4d9       100%        7
 Storm Form               Tmut/Air       7%         N/A       100%        7

Inventory:

Hand Weapons
 K - the +8 whip "Snakebite" (weapon) {venom, curare, rPois, =f}
   (You found it on level 1 of the Lair of Beasts)

   It poisons the flesh of those it strikes.
   It occasionally inflicts asphyxiating poison on those it strikes, dealing
   poison damage and causing slowness.
   rPois:     It protects you from poison.
Missiles
 t - 2 throwing nets {=f}
Armour
 m - a +0 pair of boots (worn)
 u - a +2 robe of cold resistance (worn)
 I - a +0 buckler (worn)
 J - a +1 helmet (worn)
 R - a +1 cloak (worn)
Jewellery
 d - a +6 ring of dexterity
 C - a ring of ice
 D - a +6 ring of dexterity
 M - a ring of magical power (left hand)
 O - the ring "Maco" {Fire Fly rElec rCorr Str-4}
   (You found it on level 5 of the Lair of Beasts)

   [ring of fire]

   It enhances your fire magic.
   Str:       It affects your strength (-4).
   rF:        It protects you from fire.
   rC:        It makes you vulnerable to cold.
   rElec:     It insulates you from electricity.
   Fly:       It grants you flight.
   rCorr:     It protects you from acid and corrosion.
 P - a ring of poison resistance
 S - a +6 ring of strength
 T - a +4 ring of protection (right hand)
Wands
 k - a wand of quicksilver (3)
 p - a wand of flame (30)
 w - a wand of mindburst (12)
 H - a wand of polymorph (5)
 L - a wand of roots (4)
 N - a wand of digging (7)
Scrolls
 e - 3 scrolls of enchant weapon
 f - 7 scrolls of fog
 j - 6 scrolls of teleportation {@r2}
 q - a scroll of poison {unknown}
 r - a scroll of magic mapping {unknown}
 v - 2 scrolls of fear
 x - 2 scrolls of amnesia
 y - 2 scrolls of vulnerability
 E - a scroll of silence {!r}
 F - a scroll of butterflies {unknown}
Potions
 a - a potion of might
 b - a potion of magic
 c - 4 potions of heal wounds {@q2}
 h - 3 potions of haste {@q3}
 i - a potion of cancellation {unknown}
 l - 3 potions of mutation
 n - 2 potions of flight
 o - 7 potions of curing {@q1}
 s - 4 potions of attraction
 z - 13 potions of ambrosia
 A - 3 potions of lignification
 B - a potion of brilliance {unknown}
 G - 2 potions of resistance
 Q - a potion of degeneration {unknown}

Dungeon Overview and Level Annotations

Branches:
Dungeon (10/15)            Temple (1/1) D:6            Lair (5/5) D:10
  Swamp (0/4) Lair:3       Spider (0/4) Lair:2        Slime (0/5) Lair:5
    Orc (2/2) D:10
    Elf: Orc:2

Altars:
Ashenzari
Cheibriados
Dithmenos
Elyvilon
Fedhas
Gozag
Hepliaklqana
Kikubaaqudgha
Makhleb
Nemelex Xobeh
Okawaru
Qazlal
Ru
Sif Muna
Trog
Uskayaw
Vehumet
Wu Jian
Xom
Yredelemnul
Zin
The Shining One

Shops:
Orc:1 *!

Annotations:
D:6 1 runed translucent door, DeathPants's ghost, novice DrEE
D:10 1 runed translucent door, Cancer's ghost, novice TeAE
Lair:4 exclusion: oklob plant
Lair:5 3 runed translucent doors, sirJeffrey23's ghost, journeyman DrFE
Orc:1 3 runed translucent doors, SirDiesAlot's ghost, journeyman MiFi

..................#..
........................
..o................).)..
........................
...................#)..#
........................
...[[....<.....#........
.[......4R.....#o...#...
.......@4o....#..)).....
........4.....#...).##..
........................
........................
#....................#.#
........................
.............#..........
...........##...........
.....#.................


You could see the friendly Khenut the knight, an orc high priest (ally target),
a hellwing (summoned, combustible), a rust devil (summoned), a chaos spawn
(summoned, combustible) and an orc.


Message History

Khenut barely misses the orc high priest.
Unknown command.
Casting: Scorch (safe; 1% risk of failure)
Confirm with . or Enter, or press ? or * to list all spells.
Flames lash the chaos spawn.
The chaos spawn is heavily wounded.
The chaos spawn's fire resistance burns away.
The rust devil completely misses you. The chaos spawn misses you.
The hellwing barely misses you. You block the hellwing's attack.
Khenut barely misses the orc high priest.
Unknown command.
Casting: Scorch (safe; 1% risk of failure)
Confirm with . or Enter, or press ? or * to list all spells.
Flames lash the hellwing.
The hellwing is burned terribly!
The hellwing is moderately wounded.
The orc high priest mumbles some strange prayers to Beogh against you.
Beogh smites you!
* * * LOW HITPOINT WARNING * * *
An orc comes into view. It is wielding a +0 flail.
The rust devil hits you!
* * * LOW HITPOINT WARNING * * *
The rust devil corrodes you! You block the hellwing's attack. x2
The chaos spawn hits you!
* * * LOW HITPOINT WARNING * * *
You feel your power leaking away.
Khenut hits the orc high priest with a +0 flail.
Unknown command.
The rust devil hits you. The rust devil corrodes you!
The chaos spawn gores you!
You die...

Skill      XL: |  1  2  3  4  5  6  7  8  9 10 11 12 13 |
---------------+----------------------------------------+-----
Conjurations   | 2 3 4 5 6 7 8 |  8.0
Fire Magic     | 4 5 6 8 |  8.0
Fighting       | 1 2 4 6 7 8 9 10 | 10.0
Dodging        | 3 4 6 8 10 12 14 15 | 15.8
Spellcasting   | 4 5 7 8 10 12 | 12.0
Invocations    | 3 6 8 |  8.0
Translocations | 3 4 |  4.0
Earth Magic    | 2 7 |  7.6
Stealth        | |  2.4

Action                   |  1- 3 |  4- 6 |  7- 9 | 10-12 | 13-15 || total
-------------------------+-------+-------+-------+-------+-------++-------
Melee: Quarterstaff      |     8 |     5 |       |     6 |       ||    19
       Whip              |       |       |       |       |     1 ||     1
 Cast: Foxfire           |   129 |   129 |   206 |   322 |   175 ||   961
       Scorch            |     7 |     7 |    71 |   343 |   169 ||   597
Invok: Ancestor Identity |       |       |     2 |       |       ||     2
       Recall Ancestor   |       |       |     1 |     8 |     4 ||    13
       Ancestor Life: Kn |       |       |       |     1 |       ||     1
Evoke: Wand              |       |       |     5 |       |       ||     5
  Use: Scroll            |       |       |     3 |    13 |     1 ||    17
       Potion            |       |       |       |       |     2 ||     2
Armor: Robe              |     1 |       |     3 |     7 |    24 ||    35
       Leather armour    |       |       |       |    14 |       ||    14
Dodge: Dodged            |    11 |     8 |    67 |   145 |    81 ||   312
Block: Buckler           |       |       |       |     6 |    18 ||    24

Levels and vault maps discovered:
D:1:      psy_arrival_spokes, layout_rooms,
          hellmonk_ecumenical_altar_prayer_group, nrook_campfire,
          nicolae_figureground_sparkle
D:2:      wad_woods_settlement, layout_rooms, basic_altar
D:3:      kennysheep_six_static_rooms, layout_rooms, kennysheep_generic_room_3
D:4:      layout_gridville, uniq_eustachio, uniq_grinder
D:5:      layout_gridville, hangedman_decor_lopped
D:6:      layout_loops_ring, chequers_temple_overflow_statue_of_worship,
          minmay_temple_entry_fiery, ebering_ghost_sewer_d,
          kennysheep_windowed_goal
D:7:      layout_layer_cave, gammafunk_temple_overflow_claw,
          hangedman_decor_peaks_small, eino_small_chamber_without_monster
D:8:      layout_layer_cave, gup_ossuary_entry_pyramid, uniq_psyche
D:9:      layout_stronghold, lemuel_crystal_altar, serial_undead,
          serial_undead_e, serial_undead_e, serial_undead_b, serial_undead_a,
          serial_undead_b, enter_bailey_4
D:10:     layout_roguey [special_room_bee], lair_entry_dummy,
          kennysheep_orc_monster_closet_entryway, ebering_ghost_xom
Temple:   nicolae_temple_bog_church
Lair:1:   minmay_guarded_unrand_snakebite, layout_cave_shapes, minmay_holes,
          gammafunk_lair_bear_cave, serial_bayou_shore_b, lemuel_fruit_fields,
          grunt_megastairs_4, uniq_grum
Lair:2:   layout_cave_pods, nicolae_spider_entry_orb_guardian,
          chequers_serial_rivers_micro_b, uniq_fannar
Lair:3:   layout_loops_ring, minmay_swamp_entry_swarm
Lair:4:   layout_loops_ring, st_stairs_4, tgw_fedhas
Lair:5:   minmay_lair_end_frog_pond, layout_cave_pods, slime_entry_1,
          gammafunk_ghost_hydra_chop, cheibrodos_lair_lostbears
Orc:1:    layout_caves, serial_shops, nicolae_shop_statue_plus,
          ebering_ghost_gozag, mines2_david
Orc:2:    st_orc_rangers, layout_caves

Notes
Turn   | Place    | Note
-------+----------+-------------------------------------------
     0 | D:1      | xzight the Deep Elf Fire Elementalist began the quest for
                  | the Orb.
     0 | D:1      | Reached XP level 1. HP: 10/10 MP: 6/6
   267 | D:1      | Reached XP level 2. HP: 15/15 MP: 4/8
   307 | D:1      | Learned a level 2 spell: Scorch
   942 | D:1      | Found a faded altar of an unknown god.
  1092 | D:1      | Reached skill level 2 in Conjurations
  1158 | D:1      | Reached XP level 3. HP: 20/20 MP: 4/9
  1949 | D:2      | Reached skill level 4 in Fire Magic
  2161 | D:2      | Reached XP level 4. HP: 24/24 MP: 7/11
  2290 | D:2      | Reached skill level 1 in Fighting
  2331 | D:2      | Found a snail-covered altar of Cheibriados.
  2577 | D:3      | Reached skill level 3 in Dodging
  3548 | D:3      | Noticed a necrophage
  3559 | D:3      | Killed a necrophage
  3560 | D:3      | Reached skill level 4 in Spellcasting
  3560 | D:3      | Reached skill level 3 in Conjurations
  3560 | D:3      | Reached XP level 5. HP: 24/29 MP: 5/13
  3761 | D:4      | Noticed Eustachio
  3764 | D:4      | Killed Eustachio
  3765 | D:4      | Reached skill level 5 in Fire Magic
  3765 | D:4      | Reached XP level 6. HP: 29/34 MP: 8/14
  3906 | D:4      | Noticed Grinder
  3936 | D:4      | Reached skill level 4 in Conjurations
  4133 | D:4      | Reached XP level 7. HP: 39/39 MP: 5/16
  4158 | D:4      | Reached skill level 4 in Dodging
  4216 | D:4      | Reached skill level 2 in Fighting
  4668 | D:4      | Reached skill level 5 in Spellcasting
  4914 | D:4      | Killed Grinder
  4915 | D:4      | Reached skill level 5 in Conjurations
  4915 | D:4      | Reached skill level 6 in Fire Magic
  5040 | D:5      | Entered Level 5 of the Dungeon
  5102 | D:5      | Reached XP level 8. HP: 45/45 MP: 9/18
  5443 | D:5      | Reached skill level 5 in Dodging
  5443 | D:5      | Reached skill level 6 in Conjurations
  5883 | D:5      | Reached skill level 3 in Fighting
  5883 | D:5      | Reached skill level 6 in Spellcasting
  6532 | D:6      | Found a runed translucent door.
  6542 | D:6      | Noticed DeathPants's ghost (novice DrEE)
  6653 | D:6      | Reached skill level 6 in Dodging
  7168 | D:5      | Reached skill level 7 in Spellcasting
  7514 | D:6      | Found a staircase to the Ecumenical Temple.
  7521 | D:6      | Reached skill level 4 in Fighting
  7591 | Temple   | Entered the Ecumenical Temple
  7782 | Temple   | Became a worshipper of Hepliaklqana the Forgotten
  7982 | D:6      | Found a sacrificial altar of Ru.
  7982 | D:6      | Found a shadowy altar of Dithmenos.
  7982 | D:6      | Found a broken altar of Ashenzari.
  7992 | D:6      | Reached XP level 9. HP: 52/52 MP: 11/22
  8016 | D:6      | Reached skill level 7 in Dodging
  8016 | D:6      | Reached skill level 8 in Spellcasting
  8720 | D:7      | Reached skill level 5 in Fighting
  8776 | D:7      | Noticed a brown ugly thing
  8824 | D:7      | Reached skill level 8 in Dodging
  8985 | D:7      | Killed a brown ugly thing
  8986 | D:7      | Reached skill level 6 in Fighting
  9118 | D:7      | Reached * piety under Hepliaklqana
  9169 | D:7      | Found a radiant altar of Vehumet.
  9169 | D:7      | Found a white marble altar of Elyvilon.
  9171 | D:7      | Found a blossoming altar of Fedhas.
  9828 | D:8      | Noticed Psyche
  9838 | D:8      | Killed Psyche
  9949 | D:8      | Reached skill level 7 in Conjurations
 10294 | D:8      | Reached XP level 10. HP: 54/54 MP: 17/24
 10784 | D:8      | Reached skill level 9 in Spellcasting
 11702 | D:8      | Reached skill level 9 in Dodging
 11702 | D:8      | Reached skill level 8 in Conjurations
 12170 | D:9      | Reached ** piety under Hepliaklqana
 12623 | D:9      | Remembered your ancestor Khenut as a knight
 12800 | D:9      | Reached skill level 7 in Fighting
 12900 | D:9      | Reached skill level 10 in Spellcasting
 12947 | D:9      | Reached skill level 10 in Dodging
 13057 | D:9      | Found a stormy altar of Qazlal.
 13536 | D:10     | Entered Level 10 of the Dungeon
 13552 | D:9      | Reached XP level 11. HP: 54/60 MP: 27/27
 13627 | D:10     | Reached skill level 11 in Spellcasting
 14174 | D:10     | Reached skill level 8 in Fighting
 14301 | D:10     | Found a staircase to the Lair.
 14301 | D:10     | Noticed a two-headed ogre
 14308 | D:10     | Killed a two-headed ogre
 14309 | D:10     | Reached skill level 11 in Dodging
 14398 | D:10     | Found a staircase to the Orcish Mines.
 14437 | D:10     | Reached skill level 12 in Spellcasting
 14673 | D:10     | Reached *** piety under Hepliaklqana
 14952 | D:10     | Found a runed translucent door.
 14952 | D:10     | Found a shimmering altar of Xom.
 14952 | D:10     | Noticed Cancer's ghost (novice TeAE)
 14953 | D:10     | Noticed a +3 mace of chaos
 15053 | D:10     | Reached skill level 12 in Dodging
 15058 | D:10     | Learned a level 4 spell: Flame Wave
 15061 | D:10     | Learned a level 2 spell: Blink
 15304 | Lair:1   | Entered Level 1 of the Lair of Beasts
 15308 | Lair:1   | Reached skill level 1 in Invocations
 15331 | Lair:1   | Reached skill level 1 in Translocations
 15770 | Lair:1   | Reached skill level 2 in Invocations
 15772 | Lair:1   | Reached skill level 2 in Translocations
 16115 | Lair:1   | Reached skill level 3 in Translocations
 16115 | Lair:1   | Reached skill level 3 in Invocations
 16226 | Lair:1   | Found the +8 whip "Snakebite" {venom, curare, rPois}
 16318 | Lair:1   | Reached XP level 12. HP: 67/67 MP: 30/30
 16546 | Lair:1   | Reached skill level 7 in Fire Magic
 16788 | Lair:1   | Noticed Grum
 16796 | Lair:1   | Killed Grum
 16978 | Lair:1   | Reached skill level 4 in Translocations
 16978 | Lair:1   | Reached skill level 4 in Invocations
 17263 | Lair:1   | Reached skill level 13 in Dodging
 17624 | Lair:2   | Noticed a catoblepas
 17643 | Lair:2   | Killed a catoblepas
 18099 | Lair:2   | Found a hole to the Spider Nest.
 18110 | Lair:2   | Reached skill level 9 in Fighting
 18110 | Lair:2   | Reached skill level 5 in Invocations
 18325 | Lair:2   | Reached **** piety under Hepliaklqana
 18332 | Lair:2   | Noticed Fannar
 18347 | Lair:2   | Killed Fannar
 18348 | Lair:2   | Reached skill level 8 in Fire Magic
 19161 | Lair:3   | Reached skill level 6 in Invocations
 19411 | Lair:3   | You fall into a shaft and drop 2 floors!
 19411 | Lair:5   | Entered Level 5 of the Lair of Beasts
 19488 | Lair:5   | Found a staircase to the Slime Pits.
 19695 | Lair:4   | Learned a level 3 spell: Stone Arrow
 19734 | Lair:4   | Found a blossoming altar of Fedhas.
 19963 | Lair:4   | Reached skill level 1 in Earth Magic
 20713 | Lair:3   | Reached skill level 2 in Earth Magic
 20863 | Lair:3   | Reached ***** piety under Hepliaklqana
 20886 | Lair:3   | Found a staircase to the Swamp.
 20893 | Lair:3   | Reached skill level 14 in Dodging
 20893 | Lair:3   | Reached XP level 13. HP: 62/72 MP: 31/31
 21418 | Lair:5   | Reached skill level 7 in Invocations
 21506 | Lair:4   | Reached skill level 3 in Earth Magic
 21724 | Lair:5   | Reached skill level 4 in Earth Magic
 21886 | Lair:5   | Reached skill level 10 in Fighting
 22033 | Lair:5   | Found a runed translucent gate.
 22035 | Lair:5   | Found a runed translucent gate.
 22035 | Lair:5   | Found a runed translucent gate.
 22037 | Lair:5   | Noticed sirJeffrey23's ghost (journeyman DrFE)
 22154 | Lair:5   | Reached skill level 8 in Invocations
 22189 | Lair:4   | Reached skill level 5 in Earth Magic
 22546 | Lair:5   | Reached skill level 15 in Dodging
 22605 | Lair:5   | Reached skill level 6 in Earth Magic
 23510 | Lair:5   | Reached skill level 7 in Earth Magic
 23629 | Lair:5   | Identified the ring "Maco" {Fire Fly rElec rCorr Str-4}
 24243 | Orc:1    | Entered Level 1 of the Orcish Mines
 24243 | Orc:1    | Found Yhowk's Distillery.
 24371 | Orc:1    | Bought a potion of heal wounds for 60 gold pieces
 24376 | Orc:1    | Found a runed translucent gate.
 24376 | Orc:1    | Found a runed translucent gate.
 24376 | Orc:1    | Found a runed translucent gate.
 24378 | Orc:1    | Found an opulent altar of Gozag.
 24381 | Orc:1    | Found Errua's Assorted Antiques.
 24381 | Orc:1    | Noticed SirDiesAlot's ghost (journeyman MiFi)
 24533 | Orc:2    | Entered Level 2 of the Orcish Mines
 24685 | Orc:2    | HP: 6/73 [barbs]
 24815 | Orc:2    | Mangled by a chaos spawn

Vanquished Creatures
  A catoblepas (Lair:2)
  3 death yaks (Lair:5)
  A two-headed ogre (D:10)
  An orb spider (Lair:2)
  An ugly thing (D:7)
  3 black mambas
  3 elephants (Lair:5)
  15 cane toads
  2 unseen horror zombies (D:9)
  Psyche (D:8)
  3 komodo dragons
  2 rime drakes
  3 polar bears
  A queen bee (D:10)
  3 tyrant leeches (Lair:5)
  Grinder (D:4)
  2 hornets (D:8)
  26 blink frogs
  18 yaks
  A basilisk (Lair:4)
  A steam dragon (D:9)
  4 vampire mosquitoes
  Grum (Lair:1)
  Eustachio (D:4)
  18 water moccasins
  5 orc warriors
  4 ice beasts
  6 ogres
  2 sky beasts
  2 centaurs
  16 wolves
  3 kobold brigands
  14 bullfrogs
  2 necrophages
  4 gnoll sergeants
  2 scorpions
  11 wights
  32 killer bees
  7 howler monkeys
  2 electric eels
  2 centaur zombies (D:9)
  2 hounds
  8 orc priests
  3 jellies
  An iguana (D:4)
  An orc wizard (Orc:2)
  3 hell rats
  A mummy (D:8)
  A howler monkey zombie (D:9)
  9 adders
  15 gnolls
  A shadow imp (D:8)
  2 white imps (D:6)
  An ufetubus (D:5)
  2 worms (D:3)
  2 dart slugs
  38 orcs
  4 bats
  6 endoplasms
  3 giant cockroaches
  9 goblins
  8 hobgoblins
  7 jackals (D:4)
  3 quokkas (D:2)
  9 ball pythons
  4 frilled lizards
  12 kobolds
  5 rats
390 creatures vanquished.

Vanquished Creatures (collateral kills)
  Fannar (Lair:2)
  A death yak (Lair:4)
  A goliath frog (Lair:5)
  2 elephants
  3 black mambas
  7 cane toads
  A kobold demonologist (D:10)
  A polar bear (Lair:1)
  A troll (D:10)
  2 blink frogs
  8 yaks
  A basilisk (Lair:5)
  4 vampire mosquitoes
  An acid dragon (D:10)
  4 water moccasins
  5 orc warriors
  A black bear (Lair:1)
  A centaur (Orc:2)
  3 wolves
  3 bullfrogs
  3 wights (D:9)
  11 killer bees (D:10)
  A howler monkey (D:10)
  An orc priest (D:9)
  An orc wizard (D:9)
  3 hell rats (D:10)
  5 gnolls
  4 orcs
  A kobold (D:8)
  A butterfly (Lair:1)
  39 foxfires
121 creatures vanquished.

Vanquished Creatures (others)
  4 knights
  3 ancestors
  1624 foxfires
  24 fungi
  132 plants
  12 toadstools (Lair:4)
  3 withered plants (D:9)
1802 creatures vanquished.

Grand Total: 2313 creatures vanquished

Table legend: (Time is in decaauts)
 A = Elapsed time spent in this place.
 B = Non-inter-level travel time spent in this place.
 C = Inter-level travel time spent in this place.
 D = Time resting spent in this place.
 E = Time spent auto-exploring this place.
 F = Levels seen in this place.
 G = Mean time per level.
                   A        B        C        D        E       F      G
               +--------+--------+--------+--------+--------+-----+--------+
         Total |  24893 |  23452 |   1441 |   5393 |  14865 |  18 | 1382.9 |
       Dungeon |  15663 |  14720 |    943 |   2896 |  10081 |  10 | 1566.3 |
        Temple |    207 |    198 |      9 |      0 |    168 |   1 |  207.0 |
          Lair |   8450 |   7987 |    463 |   2293 |   4398 |   5 | 1690.0 |
  Orcish Mines |    572 |    547 |     25 |    204 |    217 |   2 |  286.0 |
               +--------+--------+--------+--------+--------+-----+--------+

Top non-repeatable levels by time:
  Lair:5: 2589 daAuts
     D:8: 2330 daAuts
     D:9: 2079 daAuts
  Lair:1: 1810 daAuts
     D:5: 1743 daAuts
    D:10: 1619 daAuts
  Lair:2: 1562 daAuts
  Lair:4: 1483 daAuts
     D:6: 1429 daAuts
     D:7: 1418 daAuts
     D:1: 1386 daAuts
     D:4: 1280 daAuts
     D:3: 1232 daAuts
     D:2: 1143 daAuts
  Lair:3: 1004 daAuts

Table legend:
 A = Non-vault XP
 B = Vault XP
 C = Vault XP percentage of total XP
 D = Non-vault monster count
 E = Vault monster count
 F = Vault count percentage of total count
                 A         B        C        D         E       F
            +---------+---------+-------+---------+---------+-------
      Total |   37582 |   23573 |  38.5 |     314 |     157 |  33.3
            +---------+---------+-------+---------+---------+-------
        D:1 |      44 |       1 |   2.2 |      25 |       1 |   3.8
        D:2 |      32 |      49 |  60.5 |      11 |       6 |  35.3
        D:3 |      41 |     105 |  71.9 |      13 |       7 |  35.0
        D:4 |     506 |     457 |  47.5 |      35 |       2 |   5.4
        D:5 |     778 |       0 |   0.0 |      13 |       0 |   0.0
        D:6 |    1165 |     132 |  10.2 |      19 |       1 |   5.0
        D:7 |    1198 |       0 |   0.0 |       7 |       0 |   0.0
        D:8 |    2556 |     389 |  13.2 |      40 |       2 |   4.8
        D:9 |    3009 |    1018 |  25.3 |      25 |      12 |  32.4
       D:10 |    2418 |    3721 |  60.6 |      21 |      49 |  70.0
     Lair:1 |    5069 |    4229 |  45.5 |      27 |      25 |  48.1
     Lair:2 |    3536 |    1508 |  29.9 |      13 |       2 |  13.3
     Lair:3 |    2723 |     527 |  16.2 |       9 |       3 |  25.0
     Lair:4 |    4178 |     270 |   6.1 |      12 |       1 |   7.7
     Lair:5 |    9181 |   11037 |  54.6 |      28 |      39 |  58.2
      Orc:1 |     546 |      18 |   3.2 |       6 |       6 |  50.0
      Orc:2 |     602 |     112 |  15.7 |      10 |       1 |   9.1
            +---------+---------+-------+---------+---------+-------
